 Dungeon Crawl Stone Soup version 0.31-a0-845-g9abc20d24f (webtiles) character file.

Game seed: 598442404878934257

1085 Nattfarinn the Ruffian (level 8, -2/75 HPs)
             Began as a Troll Shapeshifter on Oct 2, 2023.
             Slain by Pikel
             ... wielding a +0 whip of flaming
              (3 damage)
             ... on level 6 of the Dungeon.
             The game lasted 00:05:40 (3930 turns).

Nattfarinn the Ruffian (Troll Shapeshifter)         Turns: 3930, Time: 00:05:41

Health: -2/75      AC:  4    Str: 25    XL:     8   Next: 9%
Magic:  16/16      EV:  9    Int:  6    God:
Gold:   244        SH:  0    Dex:  9    Spells: 7/7 levels left

rFire   . .          .
                       - Unarmed
rCold   . . .        (no shield)
rNeg    . . .        a - +0 animal skin
rPois   .            (helmet currently unavailable)
rElec   .            (cloak currently unavailable)
rCorr   .            (gloves unavailable)
SInv    .            (boots unavailable)
Will    +....        (no amulet)
Stlth   +            i - ring of magical power
HPRegen 1.12/turn    g - ring of willpower
MPRegen 0.15/turn

%: no passive effects
@: beast-form, invisible
A: beast (slay +3), large, unfitting armour, claws 3, regeneration 1, shaggy fur
1, tough skin 1
a: Begin Untransformation


You were on level 6 of the Dungeon.
You were a hulking beast.
You visited 1 branch of the dungeon, and saw 6 of its levels.
You also visited: Sewer.

You collected 268 gold pieces.
You spent 24 gold pieces at shops.

Inventory:

Armour
 a - a +0 animal skin (worn)
Jewellery
 g - a ring of willpower (right claw)
 i - a ring of magical power (left claw)
Talismans
 c - a beast talisman (active)
 d - a flux talisman
Wands
 k - a wand of roots (4)
Scrolls
 e - 2 scrolls of enchant armour
 h - 2 scrolls of butterflies
 j - a scroll of teleportation
 m - a scroll of enchant weapon
 q - 2 scrolls of poison
 s - 2 scrolls of revelation
 t - 2 scrolls of amnesia {unknown}
 v - a scroll of identify
Potions
 b - a potion of lignification
 l - a potion of enlightenment
 n - a potion of curing {unknown}
 o - 2 potions of mutation {unknown}
 p - a potion of might {unknown}
 r - a potion of haste {unknown}
 u - a potion of heal wounds {unknown}
 w - a potion of brilliance {unknown}
 x - a potion of magic {unknown}


   Skills:
 + Level 3.4 Fighting
 - Level 1.5 Dodging
 * Level 6.7 Unarmed Combat
 * Level 6.2 Shapeshifting


You had 7 spell levels left.
You didn't know any spells.
Your spell library contained the following spells:

 Spells                   Type           Power      Damage    Failure   Level
 Wereblood                Tmut           0%         N/A       58%         2
 Irradiate                Conj/Tmut      0%         3d11      100%        5


Dungeon Overview and Level Annotations

Branches:
Dungeon (6/15)             Temple (0/1) D:5           Sewer (visited)

Altars:
Cheibriados
Trog
Wu Jian
Xom

Shops:
D:1 *?

Annotations:
D:6 Pikel


Innate Abilities, Weirdness & Mutations

You are a hulking beast.
Your limbs bulge with bestial killing power. (Slay +3)
You are too large for most types of armour.
You have claws for hands.
Your natural rate of healing is unusually fast.
You are covered in fur. (AC +1)
You have tough skin. (AC +1)


Message History

The arrow hits you!
The centaur shoots an arrow.
The arrow hits you!
The centaur unwields a +0 orcbow.
The centaur hits you but does no damage.
The centaur kicks you but does no damage.
You claw the centaur!
The centaur is heavily wounded.
The centaur hits you but does no damage.
The centaur kicks you but does no damage.
The centaur hits you. The centaur closely misses you.
You mangle the centaur!!
You kill the centaur!
You scratch the lemure.
The lemure is lightly wounded.
The lemure hits you.
You claw the lemure! You claw the lemure.
The lemure is heavily wounded.
Pikel says, "Hell isn't that bad."
You closely miss Pikel.
A lemure comes into view.
You closely miss Pikel.
Pikel hits you with a +0 whip of flaming.
Pikel burns you.
You claw Pikel!
Pikel is heavily wounded.
Pikel hits you with a +0 whip of flaming!
* * * LOW HITPOINT WARNING * * *
Pikel burns you.
* * * LOW HITPOINT WARNING * * *
You closely miss Pikel.
Pikel is heavily wounded.
Pikel hits you with a +0 whip of flaming!
* * * LOW HITPOINT WARNING * * *
Pikel burns you.
* * * LOW HITPOINT WARNING * * *
You fade into invisibility!
Pikel hits you with a +0 whip of flaming!
* * * LOW HITPOINT WARNING * * *
Pikel burns you.
You die...
Pikel says, "Another soul for the market."

... #....#P..⌠...#
#.........#
.#....##.P...####.........#
.......###'###............#
#.#.....##.# #............#
#..........# #.............
#.......### #..........###
#.......# #........#####
#......5#####.............
.......55Kh...........#####
.###...#######........#
#### #........# #........#
##########


You could see Pikel (unable to see you) and 3 lemures.

Vanquished Creatures
  Sigmund (D:2)
  A black bear (D:6)
  A centaur (D:6)
  An ogre (D:4)
  A lemure (D:6)
  A gnoll sergeant (D:4)
  2 scorpions
  3 hounds
  5 iguanas
  2 orc wizards
  A sleepcap (D:5)
  3 gnolls (D:4)
  4 adders
  4 river rats
  A white imp (D:5)
  An ufetubus (D:4)
  2 worms
  10 orcs
  3 bats
  5 endoplasms
  8 goblins
  2 hobgoblins
  6 jackals (D:4)
  5 quokkas
  10 ball pythons
  13 frilled lizards
  4 kobolds
  6 rats
106 creatures vanquished.

Notes
Turn   | Place    | Note
-------+----------+-------------------------------------------
     0 | D:1      | Nattfarinn the Troll Shapeshifter began the quest for the
                  | Orb.
     0 | D:1      | Reached XP level 1. HP: 18/18 MP: 0/0
    40 | D:1      | Found Mipe's Assorted Antiques.
    47 | D:1      | Found a faded altar of an unknown god.
    90 | D:1      | Reached skill level 1 in Fighting
    93 | D:1      | Reached XP level 2. HP: 25/27 MP: 1/1
   143 | D:1      | Found Wugeusti's Magic Scroll Emporium.
   147 | D:1      | Bought a scroll of identify for 24 gold pieces
   213 | D:1      | You fall into a shaft and drop 1 floor!
   543 | D:2      | Noticed Sigmund
   721 | D:2      | Killed Sigmund
   722 | D:2      | Reached XP level 3. HP: 16/35 MP: 2/2
   722 | D:2      | Reached XP level 4. HP: 19/42 MP: 3/3
   722 | D:2      | Reached XP level 5. HP: 22/49 MP: 4/4
  1192 | D:3      | Found an ornate altar of the Wu Jian Council.
  1842 | D:4      | Noticed an ogre
  1843 | D:4      | Reached XP level 6. HP: 57/57 MP: 5/5
  1851 | D:4      | Reached skill level 5 in Unarmed Combat
  1863 | D:4      | HP: 1/58 [gnoll/+0 halberd[a gnoll sergeant] (10)]
  1864 | D:4      | Reached skill level 5 in Shapeshifting
  2058 | D:4      | Found a glowing drain.
  2082 | Sewer    | Entered a sewer
  2509 | D:4      | Reached XP level 7. HP: 53/66 MP: 6/6
  3177 | D:5      | Entered Level 5 of the Dungeon
  3648 | D:5      | Found a staircase to the Ecumenical Temple.
  3782 | D:6      | Reached XP level 8. HP: 64/75 MP: 7/7
  3882 | D:6      | Found a shimmering altar of Xom.
  3882 | D:6      | Found a snail-covered altar of Cheibriados.
  3882 | D:6      | Found a bloodstained altar of Trog.
  3895 | D:6      | Noticed Pikel
  3930 | D:6      | HP: 1/75 [Pikel/+0 whip of flaming (7)]
  3930 | D:6      | Slain by Pikel

Illustrated notes

Levels and vault maps discovered:
D:1:      dpeg_arrival_brainrot, layout_rooms, basic_ecumenical_altar,
          serial_shops, nicolae_shop_back_alley_shop, shop,
          nicolae_diamond_shop, shop_statue
D:2:      layout_basic, uniq_sigmund
D:3:      layout_loops_ring, nicolae_wu_jian_immortal_techniques,
          chequers_mini_garden, bh_walls_and_bars
D:4:      layout_basic, cheibrodos_sewer_entry_sluice, dk_rats_in_the_wall
D:5:      layout_loops_ring, minmay_temple_entry_overgrown
D:6:      layout_rooms, gammafunk_temple_overflow_forgotten, kennysheep_path_1,
          uniq_pikel

Skill      XL: |  1  2  3  4  5  6  7 |
---------------+----------------------+-----
Fighting       | 1 2 3 |  3.4
Unarmed Combat | 4 5 6 |  6.7
Shapeshifting  | 4 5 6 |  6.2
Dodging        | |  1.5

Action                     |  1- 3 |  4- 6 |  7- 9 || total
---------------------------+-------+-------+-------++-------
  Melee: Unarmed           |    68 |   107 |    78 ||   253
         Punch             |     1 |     1 |     5 ||     7
    Use: Potion            |     2 |       |     1 ||     3
         Scroll            |       |     7 |       ||     7
   Stab: Invisible         |     2 |       |       ||     2
         Sleeping          |       |       |     1 ||     1
 Armour: Animal skin       |    45 |    64 |    62 ||   171
  Dodge: Dodged            |    31 |    42 |    25 ||    98

Table legend: (Time is in decaauts)
 A = Elapsed time spent in this place.
 B = Non-inter-level travel time spent in this place.
 C = Inter-level travel time spent in this place.
 D = Time resting spent in this place.
 E = Time spent auto-exploring this place.
 F = Levels seen in this place.
 G = Mean time per level.
                   A        B        C        D        E       F      G
               +--------+--------+--------+--------+--------+-----+--------+
         Total |   3906 |   3687 |    219 |    151 |   2899 |   7 |  558.0 |
       Dungeon |   3554 |   3335 |    219 |    151 |   2628 |   6 |  592.3 |
         Sewer |    352 |    352 |      0 |      0 |    271 |   1 |  352.0 |
               +--------+--------+--------+--------+--------+-----+--------+

Top non-repeatable levels by time:
     D:4: 927 daAuts
     D:3: 799 daAuts
     D:2: 763 daAuts
     D:5: 573 daAuts
   Sewer: 352 daAuts
     D:1: 316 daAuts
     D:6: 174 daAuts
